 Dungeon Crawl Stone Soup version 0.30-a0-857-gcaf70739d4 (webtiles) character file.

Game seed: 13733868005190591737

4608 greenreed the Basher (level 10, -2/81 HPs)
             Began as a Minotaur Fighter on Mar 5, 2023.
             Was a Priest of Hepliaklqana.
             Killed from afar by a gargoyle (24 damage)
             ... with a stone arrow
             ... on level 8 of the Dungeon.
             The game lasted 00:20:26 (9082 turns).

greenreed the Basher (Minotaur Fighter)             Turns: 9082, Time: 00:20:26

Health: -2/81      AC: 18    Str: 26    XL:     10   Next: 19%
Magic:  9/9        EV:  8    Int:  5    God:    Hepliaklqana [***...]
Gold:   253        SH:  5    Dex:  9    Spells: 9/9 levels left

rFire   . . .      SeeInvis .    I - +2 whip (elec)
rCold   . . .      Faith    .    c - +0 buckler
rNeg    + . .      Spirit   .    M - +1 plate armour "Cautiar" {Fly rN+}
rPois   .          Reflect  .    (helmet restricted)
rElec   .          Rampage  .    w - +0 cloak
rCorr   .                        E - +0 pair of gloves {Stlth+}
Will    .....                    N - +0 pair of boots {Stlth+} Stlth
                                 i - amulet of the acrobat
HPRegen 0.33/turn                (no ring)
MPRegen 0.11/turn                (no ring)

@: flying
A: reduced essence, horns 2, retaliatory headbutt
a: Renounce Religion, Recall Ancestor, Ancestor Identity, Transference


You were on level 8 of the Dungeon.
You worshipped Hepliaklqana.
Hepliaklqana was most pleased with you.
You visited 1 branch of the dungeon, and saw 8 of its levels.
You also visited: Ossuary and Bailey.

You collected 627 gold pieces.
You spent 374 gold pieces at shops.

Inventory:

Hand Weapons
 a - a +0 flail
 A - a +1 whip of flaming
 I - a +2 whip of electrocution (weapon)
Armour
 c - a +0 buckler (worn)
 w - a +0 cloak (worn)
 x - a +2 scale mail of positive energy
 E - a +0 pair of gloves of stealth (worn)
 H - a +1 tower shield of reflection
 J - a +1 chain mail of cold resistance
 M - the +1 plate armour "Cautiar" (worn) {Fly rN+}
   (You found it in a bailey)

   rN:        It protects you from negative energy.
   Fly:       It grants you flight.
 N - a +0 pair of boots of stealth (worn)
Jewellery
 i - an amulet of the acrobat (around neck)
Wands
 s - a wand of flame (40)
 D - a wand of mindburst (11)
Scrolls
 g - 2 scrolls of poison {unknown}
 k - 2 scrolls of magic mapping {unknown}
 l - 10 scrolls of identify {unknown}
 o - 5 scrolls of enchant armour {unknown}
 q - 2 scrolls of fog {unknown}
 r - a scroll of fear {unknown}
 t - 3 scrolls of blinking {unknown}
 u - 4 scrolls of teleportation {unknown}
 y - 2 scrolls of noise {unknown}
 z - a scroll of vulnerability {unknown}
 B - a scroll of summoning {unknown}
 F - 2 scrolls of acquirement {unknown}
 G - a scroll of torment {unknown}
Potions
 b - 3 potions of flight {unknown}
 d - 5 potions of might
 e - a potion of berserk rage {unknown}
 f - 2 potions of invisibility {unknown}
 h - 5 potions of attraction {unknown}
 j - 9 potions of curing {unknown}
 m - 5 potions of degeneration {unknown}
 n - 7 potions of heal wounds {unknown}
 p - 2 potions of mutation {unknown}
 v - a potion of magic {unknown}
 C - 3 potions of brilliance {unknown}
 K - 2 potions of cancellation {unknown}
 L - a potion of haste {unknown}
 P - a potion of ambrosia {unknown}
Miscellaneous
 O - a phantom mirror


   Skills:
 * Level 9.5 Fighting
 * Level 12.3 Maces & Flails
 + Level 7.9 Armour
 + Level 3.9 Dodging
 - Level 0.6 Stealth
 + Level 5.8 Shields
 + Level 1.0 Evocations


You had 9 spell levels left.
You didn't know any spells.
Your spell library contained the following spells:

 Spells                   Type           Power      Damage    Failure   Level
 Beastly Appendage        Tmut           0%         N/A       100%        1
 Wereblood                Tmut           0%         N/A       100%        2
 Spider Form              Tmut/Pois      0%         N/A       100%        3
 Animate Dead             Necr           0%         N/A       100%        4
 Haunt                    Necr/Summ      0%         N/A       100%        7
 Infestation              Necr           0%         N/A       100%        8


Dungeon Overview and Level Annotations

Branches:
Dungeon (8/15)             Temple (0/1) D:7         Ossuary (visited)
 Bailey (visited)
   Lair: D:8-11

Altars:
Cheibriados
Hepliaklqana
Kikubaaqudgha
Makhleb
Nemelex Xobeh
Ru
Uskayaw
Vehumet
Wu Jian
The Shining One

Shops:
D:7 [*=

Annotations:
D:2 1 runed translucent door, Crazy Yiuf


Innate Abilities, Weirdness & Mutations

Your life essence is reduced to manifest your ancestor. (-10% HP)
You have a pair of horns on your head.
You reflexively headbutt those who attack you in melee.


Message History

The gargoyle is lightly damaged.
The orc completely misses you. You furiously retaliate!
You headbutt the orc! You block the gargoyle's attack.
You hit the gargoyle but do no damage.
The gargoyle is lightly damaged.
You whack the gargoyle!
The gargoyle is moderately damaged.
The gargoyle barely misses you. You furiously retaliate!
You headbutt the gargoyle.
Tiberia gestures at the gargoyle while chanting.
The gargoyle easily resists.
The orc hits you with a +0 whip.
You hit the gargoyle but do no damage.
The gargoyle is heavily damaged.
You hit the gargoyle but do no damage.
The gargoyle is heavily damaged.
Tiberia hits the gargoyle but does no damage.
The orc hits you but does no damage.
The gargoyle hurls a stone arrow at you.
The stone arrow hits you!
You hit the gargoyle but do no damage.
You headbutt the gargoyle, but do no damage.
The gargoyle is heavily damaged.
Tiberia casts a spell at the gargoyle.
The gargoyle easily resists.
You whack the gargoyle!
The gargoyle is severely damaged.
You block the orc's attack.
The gargoyle hurls a stone arrow at you.
The stone arrow hits you!
* * * LOW HITPOINT WARNING * * *
You hit the gargoyle but do no damage.
The gargoyle is severely damaged.
Tiberia casts a spell at the gargoyle.
The gargoyle easily resists.
You hit the gargoyle.
The gargoyle is almost destroyed.
You block the orc's attack.
The gargoyle hurls a stone arrow at you.
The stone arrow hits you!!
You die...

#.#.# #####'### # #.#.####
#........ # #.#.##.#
######........ ####.#.##.###
#............. .$.#.#......#
#.............
...#.#########+#####......###'###
.)))).....#.......##......###'###
.)...######.⌠...R.##......#......
..)#### #..⌠.9@.#########......
+#....# +...⌠.o.'.## #......
#.##.# #....⌠..#).# #......
#.##.# #.⌠...⌠.#..# #......
#.##.# #.......#..# #......
#.##.### #########'#############
#.#....# ##8##...#......##
#.#..#.# +...').##.####..#
##.#..#.# #8.8#.#.#.......#


You could see the friendly Tiberia the hexer, a gargoyle (ally target) and an
orc.

Vanquished Creatures
  Pikel (D:6)
  An unseen horror (D:8)
  Eustachio (D:6)
  2 steam dragons
  A water moccasin (D:7)
  2 sky beasts
  2 ogres
  4 centaurs
  2 bullfrogs (D:6)
  2 kobold brigands (D:5)
  A scorpion (D:4)
  8 vampire bats (Bailey)
  8 wolf zombies (Bailey)
  A human zombie (Ossuary)
  2 jellies
  A gnoll bouda (D:8)
  8 orc priests
  2 hounds
  Terence (D:2)
  Jessica (D:3)
  An iguana (D:5)
  A sleepcap (D:6)
  An orc wizard (D:8)
  A hound zombie (Ossuary)
  4 mummies (Ossuary)
  Robin (D:2)
  23 gnolls
  5 adders
  A white imp (D:6)
  2 ufetubi
  An adder zombie (Ossuary)
  A worm (D:5)
  2 dart slugs
  20 orcs
  8 bats
  9 endoplasms
  4 giant cockroaches
  14 goblins
  13 hobgoblins
  5 jackals
  39 kobolds
  4 quokkas
  3 ball pythons
  3 frilled lizards
  A gnoll zombie (Ossuary)
  2 goblin zombies (Ossuary)
  2 hobgoblin zombies (Ossuary)
  A kobold zombie (Ossuary)
  21 orc zombies
  6 rats
250 creatures vanquished.

Vanquished Creatures (collateral kills)
  A gargoyle (Bailey)
  A vampire (Bailey)
  An elf zombie (Ossuary)
  A wight (D:8)
  An orc wizard (D:8)
  3 gnolls (D:8)
  An adder zombie (Ossuary)
  2 orcs (D:8)
  3 orc zombies (Bailey)
14 creatures vanquished.

Vanquished Creatures (others)
  A human (D:5)
  An ancestor (D:7)
  3 hexers
  30 plants (D:3)
35 creatures vanquished.

Grand Total: 299 creatures vanquished

Notes
Turn   | Place    | Note
-------+----------+-------------------------------------------
     0 | D:1      | greenreed the Minotaur Fighter began the quest for the Orb.
     0 | D:1      | Reached XP level 1. HP: 19/19 MP: 0/0
    54 | D:1      | Reached XP level 2. HP: 27/27 MP: 1/1
   450 | D:1      | Reached XP level 3. HP: 33/33 MP: 2/2
   726 | D:1      | Reached skill level 3 in Maces & Flails
  1127 | D:2      | Found a runed translucent door.
  1128 | D:2      | Noticed Crazy Yiuf
  1142 | D:2      | Noticed Terence
  1154 | D:2      | Killed Terence
  1155 | D:2      | Reached skill level 4 in Maces & Flails
  1155 | D:2      | Reached XP level 4. HP: 31/40 MP: 3/3
  1321 | D:2      | Noticed Robin
  1535 | D:2      | Killed Robin
  1536 | D:2      | Reached skill level 5 in Maces & Flails
  1536 | D:2      | Reached XP level 5. HP: 42/47 MP: 4/4
  1571 | D:2      | Found a faded altar of an unknown god.
  1775 | D:3      | Noticed an ogre
  1784 | D:3      | Killed an ogre
  1785 | D:3      | Reached skill level 1 in Dodging
  1923 | D:3      | Reached skill level 5 in Fighting
  1923 | D:3      | Reached XP level 6. HP: 17/56 MP: 5/5
  2057 | D:3      | Noticed Jessica
  2061 | D:3      | Killed Jessica
  2492 | D:3      | Reached skill level 6 in Maces & Flails
  3360 | D:4      | Found a sacrificial altar of Ru.
  3858 | D:5      | Entered Level 5 of the Dungeon
  3858 | D:5      | Found an ancient bone altar of Kikubaaqudgha.
  3866 | D:5      | Reached skill level 7 in Maces & Flails
  4000 | D:5      | Found a burning altar of Makhleb.
  4006 | D:5      | Found an ornate altar of the Wu Jian Council.
  4006 | D:5      | Found a hide-covered altar of Uskayaw.
  4007 | D:5      | Found a hazy altar of Hepliaklqana.
  4015 | D:5      | Became a worshipper of Hepliaklqana the Forgotten
  4051 | D:5      | Reached XP level 7. HP: 61/61 MP: 6/6
  4260 | D:5      | Reached skill level 5 in Armour
  4675 | D:5      | Reached skill level 8 in Maces & Flails
  4907 | D:5      | Noticed a human
  4909 | D:5      | Killed a human
  5252 | D:6      | Noticed Pikel
  5265 | D:6      | Killed Pikel
  5266 | D:6      | Reached skill level 9 in Maces & Flails
  5266 | D:6      | Reached skill level 5 in Shields
  5266 | D:6      | Reached XP level 8. HP: 57/73 MP: 7/7
  5474 | D:6      | Reached * piety under Hepliaklqana
  5486 | D:6      | Noticed Eustachio
  5498 | D:6      | Found a snail-covered altar of Cheibriados.
  5506 | D:6      | Killed Eustachio
  5760 | D:6      | Found a sparkling altar of Nemelex Xobeh.
  6405 | D:7      | Found Weckeser's Antique Armour Shop.
  6412 | D:7      | Reached skill level 10 in Maces & Flails
  6412 | D:7      | Reached XP level 9. HP: 72/72 MP: 8/8
  6418 | D:7      | Bought a pair of glowing gloves for 157 gold pieces
  6448 | D:7      | Found Piezoze's Jewellery Emporium.
  6482 | D:7      | Found a sand-covered staircase.
  6503 | Ossuary  | Entered an ossuary
  6503 | Ossuary  | Reached ** piety under Hepliaklqana
  6505 | Ossuary  | Remembered your ancestor Tiberia as a hexer
  6768 | D:7      | Found a radiant altar of Vehumet.
  6791 | D:7      | Found a staircase to the Ecumenical Temple.
  6836 | D:7      | Found Watiawul's Assorted Antiques.
  6841 | D:7      | Bought a glowing tower shield for 217 gold pieces
  6938 | D:7      | Found a glowing golden altar of the Shining One.
  7142 | D:8      | Reached skill level 11 in Maces & Flails
  7594 | D:8      | Found a flagged portal.
  7602 | Bailey   | Entered a bailey
  7705 | Bailey   | Noticed a gargoyle
  7724 | Bailey   | Killed a gargoyle
  8051 | Bailey   | Reached skill level 12 in Maces & Flails
  8080 | Bailey   | Reached XP level 10. HP: 70/81 MP: 9/9
  8378 | Bailey   | Identified the +1 plate armour "Cautiar" {Fly rN+}
  8590 | D:8      | Reached skill level 1 in Evocations
  8988 | D:8      | Reached *** piety under Hepliaklqana
  9067 | D:8      | Noticed a gargoyle
  9082 | D:8      | Killed from afar by a gargoyle

Illustrated notes

Levels and vault maps discovered:
D:1:      lightli_arrival_quake, layout_basic, minivault_5
D:2:      layout_basic, hellmonk_ecumenical_altar_prayer_group,
          minmay_misc_feat_tower, uniq_terence, uniq_crazy_yiuf_cottage,
          uniq_robin
D:3:      layout_loops_ring, serial_bayou_lagoon_a, uniq_jessica
D:4:      layout_basic, nicolae_ru_awakened_eye, kennysheep_cluttered_room,
          nicolae_kite_square_tiling_tiny
D:5:      minmay_goblin_kobold_castle, layout_basic, tgw_kikubaaqudgha,
          chequers_temple_overflow_statue_of_worship
D:6:      layout_layer_cave, mainiacjoe_overflow_small_starburst,
          nemelex_dance_club_becter, uniq_pikel, uniq_eustachio
D:7:      layout_rooms, kennysheep_little_box, lemuel_crystal_altar,
          temple_doors_e, nicolae_ossuary_entry_plus, serial_shops, shop,
          nicolae_shop_trees, shop_statue
D:8:      minmay_chambers_of_sevens, layout_basic, enter_bailey_2,
          minmay_misc_feat_doors

Skill      XL: |  1  2  3  4  5  6  7  8  9 10 |
---------------+-------------------------------+-----
Armour         | 4 5 6 7 |  7.9
Shields        | 4 5 |  5.8
Fighting       | 4 5 7 9 |  9.5
Maces & Flails | 4 5 7 9 10 12 | 12.3
Dodging        | 1 2 3 |  3.9
Evocations     | 1 |  1.0
Stealth        | |  0.6

Action                     |  1- 3 |  4- 6 |  7- 9 | 10-12 || total
---------------------------+-------+-------+-------+-------++-------
  Melee: Flail             |    83 |   171 |   264 |       ||   518
         Headbutt          |     5 |    23 |    74 |    17 ||   119
         Whip              |       |       |   101 |    77 ||   178
 Invoke: Recall Ancestor   |       |       |     1 |       ||     1
         Ancestor Life: He |       |       |     1 |       ||     1
  Evoke: Wand              |       |       |     2 |       ||     2
   Stab: Confused          |       |       |     2 |       ||     2
         Distracted        |       |       |     1 |     1 ||     2
 Armour: Scale mail        |    35 |    64 |   159 |     5 ||   263
         Plate armour      |       |       |       |    20 ||    20
  Dodge: Dodged            |    45 |    93 |   227 |    18 ||   383
  Block: Buckler           |    22 |    40 |    95 |    12 ||   169

Table legend: (Time is in decaauts)
 A = Elapsed time spent in this place.
 B = Non-inter-level travel time spent in this place.
 C = Inter-level travel time spent in this place.
 D = Time resting spent in this place.
 E = Time spent auto-exploring this place.
 F = Levels seen in this place.
 G = Mean time per level.
                   A        B        C        D        E       F      G
               +--------+--------+--------+--------+--------+-----+--------+
         Total |   9065 |   8498 |    567 |    540 |   6328 |  10 |  906.5 |
       Dungeon |   8015 |   7448 |    567 |    467 |   5679 |   8 | 1001.9 |
       Ossuary |    183 |    183 |      0 |      0 |    114 |   1 |  183.0 |
        Bailey |    867 |    867 |      0 |     73 |    535 |   1 |  867.0 |
               +--------+--------+--------+--------+--------+-----+--------+

Top non-repeatable levels by time:
     D:5: 1306 daAuts
     D:6: 1243 daAuts
     D:8: 1079 daAuts
     D:1: 1009 daAuts
     D:2: 981 daAuts
     D:3: 979 daAuts
     D:4: 951 daAuts
  Bailey: 867 daAuts
     D:7: 463 daAuts
 Ossuary: 183 daAuts
